 Dungeon Crawl Stone Soup version 0.23.1 (webtiles) character file.

Game seed: 9490253789209922813

49 redwoodhats the Gusty (level 3, 0/16 HPs)
             Began as a Vine Stalker Air Elementalist on Mar 10, 2019.
             Slain by a jackal (2 damage)
             ... on level 2 of the Dungeon.
             The game lasted 00:11:31 (1305 turns).

redwoodhats the Gusty (VSAE)                        Turns: 1305, Time: 00:11:32

Health: 0/16       AC:  2    Str: 10    XL:     3   Next: 77%
Magic:  0/8        EV: 12    Int: 16    God:
Gold:   93         SH:  0    Dex: 14    Spells: 3/7 levels left

rFire    . . .     SeeInvis .   (no weapon)
rCold    . . .     Gourm    .   (no shield)
rNeg     . . .     Faith    .   a - +0 robe
rPois    .         Spirit   +   (no helmet)
rElec    .         Reflect  .   (no cloak)
rCorr    .         Harm     .   (no gloves)
MR       .....                  (no boots)
Stlth    ++........             (no amulet)
HPRegen  0.05/turn              (no ring)
MPRegen  0.11/turn              (no ring)

@: very slightly contaminated
A: fangs 2, magic shield, antimagic bite, no potion heal 3, rot immunity
a: no special abilities


You were on level 2 of the Dungeon.
You were not hungry.

You visited 1 branch of the dungeon, and saw 2 of its levels.

You collected 93 gold pieces.

Inventory:

Hand Weapons
 d - a +3 hand axe of venom
Missiles
 g - 2 throwing nets (quivered)
Armour
 a - a +0 robe (worn)
 b - a +0 shield
Scrolls
 e - a scroll of enchant weapon
Comestibles
 c - 3 rations


   Skills:
 + Level 1.9 Dodging
 + Level 2.6 Stealth
 + Level 2.8 Spellcasting
 + Level 1.7 Conjurations
 + Level 3.5 Air Magic


You had 3 spell levels left.
You knew the following spells:

 Your Spells              Type           Power        Failure   Level  Hunger
a - Shock                 Conj/Air       ##..         6%          1    #......
b - Static Discharge      Conj/Air       ##......     19%         3    ###....

Your spell library contained the following spells:

 Spells                   Type           Power        Failure   Level  Hunger
 Swiftness                Chrm/Air       #.......     14%         2    ##.....
 Airstrike                Air            ##........   41%         4    #####..
 Lightning Bolt           Conj/Air       ##........   87%         5    ######.


Dungeon Overview and Level Annotations

Branches:
Dungeon (2/15)

Altars:
Vehumet


Innate Abilities, Weirdness & Mutations

You have extremely sharp teeth.
When hurt, damage is shared between your health and your magic reserves.
Your bite disrupts and absorbs the magic of your enemies.
Potions cannot restore your health.
You are immune to rotting.


Message History

Press: ? - help, Shift-Dir - straight line, f - jackal
Aim: a jackal You miscast Shock.
You are very lightly contaminated with residual magic.
Nothing appears to happen.
The jackal barely misses you. The jackal closely misses you.
The jackal bites you but does no damage.
The jackal bites you.
* * * LOW HITPOINT WARNING * * *
Casting: Shock (safe; 6% risk of failure)
Confirm with . or Enter, or press ? or * to list all spells.
Aiming: Shock (safe; 6% risk of failure)
Press: ? - help, Shift-Dir - straight line, f/p - jackal
Aim: a jackal The zap hits the jackal.
The jackal is heavily wounded.
The jackal bites you.
* * * LOW HITPOINT WARNING * * *
The jackal bites you.
You die...

#......+ #...
##.....# #...
+.....# #...
#.....# #...
#.....#### #...
.#####....?....
#...
............... ..
#...
ยง######h...####
#.[#### +@...# #..
### #(...# ###.#
#.. #......+
+...###'#
#....###+# #......
#....# #.# #......
#....###.###......
#.................
####.###.#.##.....
#.......##.....


You could see a jackal.

Vanquished Creatures
  A gnoll (D:1)
  A dart slug (D:1)
  2 leopard geckos
  5 bats
  2 giant cockroaches (D:1)
  4 goblins
  7 hobgoblins
  2 jackals (D:2)
  2 kobolds
  3 frilled lizards (D:2)
  5 rats
34 creatures vanquished.

Notes
Turn   | Place    | Note
-------+----------+-------------------------------------------
     0 | D:1      | redwoodhats the Vine Stalker Air Elementalist began the
                  | quest for the Orb.
     0 | D:1      | Reached XP level 1. HP: 9/9 MP: 4/4
   187 | D:1      | Reached XP level 2. HP: 5/13 MP: 0/6
   486 | D:1      | Reached XP level 3. HP: 16/16 MP: 5/7
   832 | D:1      | Learned a level 3 spell: Static Discharge
   947 | D:2      | Found a radiant altar of Vehumet.
  1305 | D:2      | Slain by a jackal

Action                   || total
-------------------------++-------
Melee: Unarmed           ||    17
       Bite              ||     2
 Cast: Shock             ||    81
       Static Discharge  ||     2
  Use: Scroll            ||     3
       Potion            ||     1
  Eat: Ration            ||     1
Armor: Robe              ||    12
Dodge: Dodged            ||    47
